 Dungeon Crawl Stone Soup version 0.25.0-11-g1f837a76a1 (console) character file.

Game seed: 2852854782476041151

8 bli the Ruffian (level 2, -2/23 HPs)
             Began as a Draconian Transmuter on June 27, 2020.
             Slain by a gnoll
             ... wielding a +0 halberd
              (7 damage)
             ... on level 1 of the Dungeon.
             The game lasted 00:01:06 (429 turns).

bli the Ruffian (Draconian Transmuter)               Turns: 429, Time: 00:01:07

Health: -2/23      AC:  4    Str: 12    XL:     2   Next: 0%
Magic:  3/5        EV: 12    Int: 13    God:
Gold:   72         SH:  0    Dex: 11    Spells: 2/5 levels left

rFire    . . .     SeeInvis .     - Unarmed
rCold    . . .     Gourm    .   (no shield)
rNeg     . . .     Faith    .   (armour unavailable)
rPois    .         Spirit   .   (helmet restricted)
rElec    .         Reflect  .   (no cloak)
rCorr    .         Harm     .   (no gloves)
MR       .....                  (no boots)
Stlth    +.........             (no amulet)
HPRegen  0.07/turn              (no ring)
MPRegen  0.09/turn              (no ring)

@: no status effects
A: unfitting armour, cold-blooded, AC +4
a: no special abilities


You were on level 1 of the Dungeon.
You were not hungry.

You visited 1 branch of the dungeon, and saw 1 of its levels.

You collected 72 gold pieces.

Inventory:

Missiles
 a - 28 arrows
 b - 2 stones (quivered)
Potions
 d - a potion of haste {unknown}
Comestibles
 c - 3 rations


   Skills:
 + Level 1.1 Fighting
 + Level 1.9 Dodging
 * Level 3.4 Unarmed Combat
 - Level 2.0 Spellcasting
 - Level 2.0 Transmutations


You had 2 spell levels left.
You knew the following spells:

 Your Spells              Type           Power        Failure   Level  Hunger
a - Beastly Appendage     Tmut           #.....       11%         1    ##.....
b - Sticks to Snakes      Tmut           #.......     17%         2    ###....

Your spell library contained the following spells:

 Spells                   Type           Power        Failure   Level  Hunger
 Spider Form              Tmut/Pois      #.........   45%         3    ####...
 Ice Form                 Ice/Tmut       #.......     86%         4    #####..
 Blade Hands              Tmut           #.........   97%         5    ######.


Dungeon Overview and Level Annotations

Branches:
Dungeon (1/15)

Altars:


Innate Abilities, Weirdness & Mutations

Your plain brown scales are hard. (AC +4)
You cannot fit into any form of body armour.
You are cold-blooded and may be slowed by cold attacks.


Message History

You create a snake!
You now have 28 arrows.
The leopard gecko barely misses you. The leopard gecko bites you.
The leopard gecko closely misses you.
A dart slug comes into view.
Your ball python closely misses the gnoll.
Your ball python grabs the gnoll.
Your ball python constricts the gnoll.
The dart slug launches a dart at you. The slug dart misses you.
You closely miss the leopard gecko.
Your tail-slap misses the leopard gecko.
The leopard gecko closely misses you.
The gnoll hits you from afar with a +0 halberd!
Your ball python bites the gnoll but does no damage.
Your ball python constricts the gnoll.
Something loses its grip on the gnoll.
The leopard gecko closely misses you. The dart slug launches a dart at you.
The slug dart hits you.
* * * LOW HITPOINT WARNING * * *
The gnoll hits you from afar with a +0 halberd!
You die...

.....)..#...##............
.........$.............###
##.....#.###...............
#........# #.....#####.#.##
#.....[..####...## #...##
#..............## ##..##
#..........##.# ###....
#........≈≈..# #......
###......≈≈≈≈#......####.
###.##P≈≈≈P.....## ##
#...S@♣.......
#..g#l####.... #....)# ....
#>...### ##########
.......# ........#
.....w... ........#
......... ........##
.......... ..........
.......... ........##
.###### ........# ........#


You could see a gnoll, a dart slug, a leopard gecko and a friendly ball python.

Vanquished Creatures
  A hobgoblin (D:1)
  2 bats (D:1)
  2 frilled lizards (D:1)
  2 goblins (D:1)
  A kobold (D:1)
  A rat (D:1)
9 creatures vanquished.

Notes
Turn   | Place    | Note
-------+----------+-------------------------------------------
     0 | D:1      | bli the Draconian Transmuter began the quest for the Orb.
     0 | D:1      | Reached XP level 1. HP: 16/16 MP: 3/3
   308 | D:1      | Reached XP level 2. HP: 17/23 MP: 5/5
   319 | D:1      | Learned a level 2 spell: Sticks to Snakes
   429 | D:1      | Slain by a gnoll

Illustrated notes

Levels and vault maps discovered:
D:1:      psy_arrival_fountain, layout_rooms, serial_bayou_pond_d

Action                   || total
-------------------------++-------
Melee: Unarmed           ||    43
       Tailslap          ||     2
       Headbutt          ||     1
 Cast: Beastly Appendage ||     2
       Sticks to Snakes  ||     1
Armor: Skin              ||    13
Dodge: Dodged            ||    43
